 Dungeon Crawl Stone Soup version 0.30-a0-304-gdc4b735fe1 (webtiles) character file.

Game seed: 2350022482246180191

777 Iusername the Shield-Bearer (level 7, -2/94 HPs)
             Began as a Minotaur Fighter on Oct 20, 2022.
             Slain by a yak (5 damage)
             ... on level 5 of the Dungeon.
             The game lasted 00:03:26 (2842 turns).

Iusername the Shield-Bearer (Minotaur Fighter)      Turns: 2842, Time: 00:03:26

Health: -2/94      AC: 10    Str: 21    XL:     7   Next: 54%
Magic:  6/6        EV:  9    Int:  9    God:
Gold:   290        SH:  5    Dex:  9    Spells: 6/6 levels left

rFire   + . .      SeeInvis .    a - +0 war axe
rCold   + . .      Faith    .    c - +0 buckler
rNeg    . . .      Spirit   .    b - +0 scale mail
rPois   +          Reflect  .    (helmet restricted)
rElec   +          Harm     .    (no cloak)
rCorr   +          Rampage  .    n - +2 pair of gloves
Will    .....      Clarity  +    (no boots)
Stlth   ..........               (no amulet)
HPRegen 0.35/turn                (no ring)
MPRegen 0.10/turn                (no ring)

@: berserking, resistant, flying, very quick
A: horns 2, retaliatory headbutt, clarity, clever 1, devolution 1
a: no special abilities


You were on level 5 of the Dungeon.
You visited 1 branch of the dungeon, and saw 5 of its levels.

You collected 290 gold pieces.

Inventory:

Hand Weapons
 a - a +0 war axe (weapon)
Missiles
 k - 2 throwing nets (quivered)
Armour
 b - a +0 scale mail (worn)
 c - a +0 buckler (worn)
 n - a +2 pair of gloves (worn)
Jewellery
 d - a ring of see invisible
 o - a +6 ring of strength
 r - a ring of poison resistance
 t - an amulet of reflection
Wands
 v - a wand of polymorph (9)
Scrolls
 e - 6 scrolls of teleportation {unknown}
 f - 2 scrolls of noise {unknown}
 g - 2 scrolls of blinking {unknown}
 i - 4 scrolls of identify {unknown}
 j - 4 scrolls of fear {unknown}
 l - a scroll of enchant armour {unknown}
 q - a scroll of enchant weapon {unknown}
 w - a scroll of silence {unknown}
Potions
 h - a potion of haste {unknown}
 m - a potion of flight
 p - a potion of mutation
 s - a potion of attraction {unknown}
 x - a potion of resistance


   Skills:
 + Level 6.1 Fighting
 + Level 5.5 Axes
 + Level 6.2 Armour
 + Level 6.2 Shields


You had 6 spell levels left.
You didn't know any spells.
Your spell library contained the following spells:

 Spells                   Type           Power      Damage    Failure   Level
 Gell's Gravitas          Tloc           0%         N/A       98%         3
 Lesser Beckoning         Tloc           0%         N/A       98%         3
 Teleport Other           Tloc           0%         N/A       98%         3


Dungeon Overview and Level Annotations

Branches:
Dungeon (5/15)
 Temple: D:4-7

Altars:
Fedhas
Hepliaklqana
Okawaru
Qazlal
Vehumet
Wu Jian
Yredelemnul

Shops:
D:3 =

Annotations:
D:3 1 runed translucent door, CertainDeath's ghost, amateur MiMo


Innate Abilities, Weirdness & Mutations

You have a pair of horns on your head.
You reflexively headbutt those who attack you in melee.
You possess an exceptional clarity of mind.
Your mind is acute. (Int +4, Str/Dex -1)
You have hidden genetic defects.


Message History

You slash the yak!
The yak is moderately wounded.
The yak gores you!
You hit the yak.
The yak is heavily wounded.
The yak gores you!
* * * LOW HITPOINT WARNING * * *
You hit the yak. You headbutt the yak!
The yak is severely wounded.
The yak gores you but does no damage.
You completely miss the yak.
The yak is severely wounded.
You block the yak's attack. The yak gores you!
* * * LOW HITPOINT WARNING * * *
You hit the yak. You headbutt the yak!
You kill the yak!
Your Fighting skill increases to level 6!
Your Armour skill increases to level 6!
You closely miss the yak. You headbutt the yak.
The yak is lightly wounded.
You block the yak's attack.
You hit the yak but do no damage.
The yak is lightly wounded.
The yak gores you but does no damage. The yak gores you.
* * * LOW HITPOINT WARNING * * *
It was a potion of resistance.
You feel protected. The yak barely misses you. You furiously retaliate!
You headbutt the yak, but do no damage.
It was a potion of berserk rage.
A red film seems to cover your vision as you go berserk!
You feel yourself moving faster!
You feel mighty! The yak closely misses you.
You are too berserk!
Unknown command.
You slice the yak!!
The yak is heavily wounded.
You hit the yak. You headbutt the yak!
The yak is almost dead.
The yak gores you.
You die...

.##### .....# #.##.#
#.##.# #.##.# #.##.# #
####.##.## .#.#
.........#########....#
####.##.........@YY#
#.##.##########...#
####.##.# .## ........#
.. #######.# ##
#...<...#######
#.####........#
#.####..#####.#
........#


You could see 2 yaks.

Vanquished Creatures
  2 yaks (D:5)
  2 scorpions
  An orc priest (D:4)
  A jelly (D:4)
  Jessica (D:3)
  An iguana (D:4)
  An orc wizard (D:4)
  10 gnolls
  5 adders
  A worm (D:4)
  5 dart slugs
  An orc (D:4)
  10 ball pythons
  4 bats
  8 endoplasms
  5 giant cockroaches
  4 goblins
  4 hobgoblins
  6 kobolds
  5 quokkas
  2 frilled lizards
  4 rats
83 creatures vanquished.

Vanquished Creatures (others)
  4 toadstools (D:1)
4 creatures vanquished.

Grand Total: 87 creatures vanquished

Notes
Turn   | Place    | Note
-------+----------+-------------------------------------------
     0 | D:1      | Iusername the Minotaur Fighter began the quest for the Orb.
     0 | D:1      | Reached XP level 1. HP: 19/19 MP: 0/0
   169 | D:1      | Reached XP level 2. HP: 27/27 MP: 1/1
   645 | D:2      | Reached XP level 3. HP: 33/33 MP: 2/2
  1099 | D:3      | Found an ornate altar of the Wu Jian Council.
  1131 | D:3      | Reached XP level 4. HP: 40/40 MP: 3/3
  1264 | D:3      | Found a faded altar of an unknown god.
  1296 | D:3      | Found Hufona's Jewellery Shop.
  1337 | D:3      | Noticed Jessica
  1343 | D:3      | Killed Jessica
  1453 | D:3      | Found a runed translucent door.
  1457 | D:3      | Noticed CertainDeath's ghost (amateur MiMo)
  1461 | D:3      | Reached XP level 5. HP: 47/47 MP: 4/4
  1608 | D:4      | Found a radiant altar of Vehumet.
  1619 | D:4      | Reached skill level 5 in Armour
  1619 | D:4      | Reached skill level 5 in Shields
  1622 | D:4      | Reached skill level 5 in Fighting
  1626 | D:4      | Reached XP level 6. HP: 14/56 MP: 5/5
  2469 | D:4      | Identified the +1 robe of the Enchanted Forest {rElec rN+
                  | Str+4 Int-2}
  2603 | D:4      | Found a basalt altar of Yredelemnul.
  2610 | D:4      | Found a blossoming altar of Fedhas.
  2613 | D:4      | Found a hazy altar of Hepliaklqana.
  2613 | D:4      | Found a stormy altar of Qazlal.
  2631 | D:4      | Found an iron altar of Okawaru.
  2776 | D:5      | Entered Level 5 of the Dungeon
  2810 | D:5      | Noticed a yak
  2810 | D:5      | Noticed a yak
  2811 | D:5      | Noticed a yak
  2813 | D:5      | Noticed a yak
  2825 | D:5      | Killed a yak
  2826 | D:5      | Reached skill level 5 in Axes
  2826 | D:5      | Reached XP level 7. HP: 29/62 MP: 6/6
  2831 | D:5      | Gained mutation: You have hidden genetic defects. [potion
                  | of mutation]
  2831 | D:5      | Gained mutation: Your mind is acute. (Int +4, Str/Dex -1)
                  | [potion of mutation]
  2831 | D:5      | Gained mutation: You possess an exceptional clarity of
                  | mind. [potion of mutation]
  2835 | D:5      | HP: 1/62 [yak (7)]
  2836 | D:5      | Killed a yak
  2842 | D:5      | Slain by a yak

Illustrated notes

Levels and vault maps discovered:
D:1:      ldierk_water_garden, layout_loops_ring
D:2:      layout_rooms, serial_glass, glass_columns_b, glass_columns_c,
          kennysheep_cluttered_room, minmay_circle_x
D:3:      layout_rooms, nicolae_overflow_crystal_walls,
          hellmonk_ecumenical_altar_inner_sanctum, ebering_ghost_sewer_d,
          serial_shops, nicolae_shop_statue_plus, minivault_11, uniq_jessica
D:4:      layout_gridville, nicolae_vehumet_radiance, minitemple,
          amcnicky_mini_pool_small
D:5:      layout_loops_ring, minmay_temple_entry_grid,
          gammafunk_ghost_gnarly_gnolls, kennysheep_nub, minmay_holes, uniq_ijyb

Skill      XL: |  1  2  3  4  5  6  7 |
---------------+----------------------+-----
Fighting       | 4 5 6 |  6.1
Armour         | 4 5 6 |  6.2
Shields        | 4 5 6 |  6.2
Axes           | 3 4 5 |  5.5

Action                   |  1- 3 |  4- 6 |  7- 9 || total
-------------------------+-------+-------+-------++-------
Melee: War axe           |    62 |   108 |    14 ||   184
       Headbutt          |     5 |    13 |     4 ||    22
  Use: Potion            |       |     5 |     3 ||     8
Armor: Scale mail        |    26 |    59 |     3 ||    88
Dodge: Dodged            |    21 |    55 |     5 ||    81
Block: Buckler           |    20 |    29 |     4 ||    53

Table legend: (Time is in decaauts)
 A = Elapsed time spent in this place.
 B = Non-inter-level travel time spent in this place.
 C = Inter-level travel time spent in this place.
 D = Time resting spent in this place.
 E = Time spent auto-exploring this place.
 F = Levels seen in this place.
 G = Mean time per level.
                   A        B        C        D        E       F      G
               +--------+--------+--------+--------+--------+-----+--------+
         Total |   2909 |   2851 |     58 |      0 |   2330 |   5 |  581.8 |
       Dungeon |   2909 |   2851 |     58 |      0 |   2330 |   5 |  581.8 |
               +--------+--------+--------+--------+--------+-----+--------+

Top non-repeatable levels by time:
     D:4: 1250 daAuts
     D:1: 584 daAuts
     D:2: 524 daAuts
     D:3: 477 daAuts
     D:5: 72 daAuts
